 Dungeon Crawl Stone Soup version 0.28.0-47-ge53b351184 (webtiles) character file.

Game seed: 486047250744527439

4 hawla the Digger (level 1, -1/7 HPs)
             Began as a Felid Earth Elementalist on May 8, 2022.
             Succumbed to an adder's poison
             ... on level 2 of the Dungeon.
             The game lasted 00:00:25 (135 turns).

hawla the Digger (Felid Earth Elementalist)          Turns: 135, Time: 00:00:25

Health: -1/7       AC:  1    Str:  4    XL:     1   Next: 50%
Magic:  4/4        EV: 17    Int: 16    God:
Gold:   13         SH:  0    Dex: 16    Spells: 3/4 levels left
                                        Lives:  0   Deaths: 0

rFire   . . .      SeeInvis +   (weapon unavailable)
rCold   . . .      Faith    .   (shield unavailable)
rNeg    . . .      Spirit   .   (armour unavailable)
rPois   .          Reflect  .   (helmet unavailable)
rElec   .          Harm     .   (cloak unavailable)
rCorr   .          Rampage  .   (gloves unavailable)
Will    .....                   (boots unavailable)
Stlth   ++........              (no amulet)
HPRegen 0.02/turn               (no ring)
MPRegen 0.09/turn               (no ring)

@: lethally poisoned (-1 -> -8), quick
A: very small, claws 1, fangs 3, see invisible, speed 1, shaggy fur 1, stealthy
paws, no weapons or thrown items, no armour, multi-lived
a: no special abilities


You were on level 2 of the Dungeon.
You visited 1 branch of the dungeon, and saw 2 of its levels.

You collected 13 gold pieces.

Inventory:

Missiles
 b - 26 stones
Jewellery
 a - a +4 ring of protection


   Skills:
 + Level 2.6 Dodging
 + Level 2.6 Stealth
 + Level 2.1 Spellcasting
 + Level 1.1 Transmutations
 + Level 2.9 Earth Magic


You had 3 spell levels left.
You knew the following spells:

 Your Spells              Type           Power      Damage    Failure   Level
a - Sandblast             Erth           22%        2d7       6%          1

Your spell library contained the following spells:

 Spells                   Type           Power      Damage    Failure   Level
 Passwall                 Tmut/Erth      6%         N/A       14%         2
 Stone Arrow              Conj/Erth      12%        3d7       34%         3
 Petrify                  Tmut/Erth      8%         N/A       65%         4


Dungeon Overview and Level Annotations

Branches:
Dungeon (1/15)

Altars:


Innate Abilities, Weirdness & Mutations

You have sharp claws.
You have razor-sharp teeth.
You have supernaturally acute eyesight. (SInv)
You cover ground quickly. (Speed+)
You are covered in fur. (AC +1)
Your paws help you pounce on unaware monsters.
You are incapable of wielding weapons or throwing items.
You cannot wear armour.
You gain extra lives every three experience levels.


Message History

You scratch the dart slug.
The dart slug is severely wounded.
The dart slug bites you.
You scratch the dart slug.
The dart slug is almost dead.
You scratch the dart slug.
You kill the dart slug!
Magic restored.
HP restored.
You see here a dart slug corpse.
An endoplasm comes into view.
An endoplasm and a ball python come into view.
A kobold comes into view. It is wielding a +0 whip.
A sourceless malevolence fills the Dungeon...
You fall into a shaft and drop 1 floor!
The shaft crumbles and collapses. 2 gnolls and a bat come into view.
The gnoll shouts! x2
Found a marble ring.
The bat misses you. The bat hits you. The bat closely misses you.
You see here a +4 ring of protection.
a - a +4 ring of protection The bat hits you.
A gnoll comes into view. It is wielding a +0 spear.
An adder comes into view.
Found 12 gold pieces.
A frilled lizard comes into view.
Found an escape hatch in the floor.
The bat completely misses you.
The frilled lizard hisses angrily.
The adder hisses angrily.
The adder closely misses you. The bat hits you but does no damage.
A dart slug comes into view.
The bat barely misses you. The frilled lizard closely misses you.
The adder bites you.
Ouch! That really hurt!
* * * LOW HITPOINT WARNING * * *
You are lethally poisoned!
The adder poisons you!
You aren't carrying any potions.
You die...

#.g###
##.####
#g#..# ##.
#..#.###...
#........#
#.......###
#Sb........
#l...$..###
#..@.......
#.......>..
#..........
#..........
#........w.
#######..##
###


You could see a gnoll, an adder, a dart slug, a bat and a frilled lizard.

Vanquished Creatures
  A dart slug (D:1)
  A ball python (D:1)
2 creatures vanquished.

Notes
Turn   | Place    | Note
-------+----------+-------------------------------------------
     0 | D:1      | hawla the Felid Earth Elementalist began the quest for the
                  | Orb.
     0 | D:1      | Reached XP level 1. HP: 7/7 MP: 4/4
   120 | D:1      | You fall into a shaft and drop 1 floor!
   135 | D:2      | Succumbed to an adder's poison

Illustrated notes

Levels and vault maps discovered:
D:1:      lemuel_arrival_hallway, layout_basic, chequers_ecumenical_altar_simple
D:2:      layout_rooms, basic_altar

Action                   || total
-------------------------++-------
Melee: Unarmed           ||     4
 Cast: Sandblast         ||     4
Armor: Skin              ||     1
Dodge: Dodged            ||     7
